 Dungeon Crawl Stone Soup version 0.28-a0-1292-gb4563b27b3 (webtiles) character file.

Game seed: 17171060056302391060

44041 DoubleLucky the Grappler (level 13, -11/128 HPs)
             Began as a Troll Fighter on Dec 27, 2021.
             Was a High Priest of Qazlal.
             Mangled by Agnes (27 damage)
             ... on level 4 of the Lair of Beasts.
             The game lasted 01:24:36 (17775 turns).

DoubleLucky the Grappler (Troll Fighter)           Turns: 17775, Time: 01:24:36

Health: -11/128    AC: 16    Str: 32    XL:     13   Next: 94%
Magic:  1/18       EV: 10    Int:  6    God:    Qazlal [*****.]
Gold:   976        SH:  0    Dex: 15    Spells: 12/12 levels left

rFire   + . .      SeeInvis .     - Unarmed
rCold   . . .      Faith    .   b - +0 kite shield
rNeg    + . .      Spirit   .   w - +0 acid dragon scales
rPois   .          Reflect  .   (helmet restricted)
rElec   .          Harm     .   B - +2 cloak
rCorr   +          Rampage  .   (gloves unavailable)
Will    .....                   (boots unavailable)
Stlth   ..........              s - amulet of regeneration
HPRegen 1.91/turn               E - +6 ring of dexterity
MPRegen 0.16/turn               O - ring "Ofetiahi" {rF+ rN+ Str+3}

@: confused, about to teleport, protected from physical damage, repel missiles
A: large, unfitting armour, claws 3, regeneration 1, shaggy fur 1, tough skin 1
a: Renounce Religion, Upheaval, Elemental Force, Disaster Area


You were on level 4 of the Lair of Beasts.
You worshipped Qazlal.
Qazlal was extremely pleased with you.
You visited 5 branches of the dungeon, and saw 19 of its levels.
You also visited: Bailey.

You collected 1444 gold pieces.
You spent 468 gold pieces at shops.

Inventory:

Missiles
 d - 4 throwing nets
 h - 378 stones
 o - 11 boomerangs (quivered)
 v - 37 poisoned darts
 P - 5 curare-tipped darts
Armour
 a - a +0 robe
 b - a +0 kite shield (worn)
 k - a +3 tower shield
 w - +0 acid dragon scales (worn)
 B - a +2 cloak (worn)
Jewellery
 s - an amulet of regeneration (around neck)
 E - a +6 ring of dexterity (left claw)
 J - a +4 ring of evasion
 L - a +6 ring of intelligence
 N - a ring of ice
 O - the ring "Ofetiahi" (right claw) {rF+ rN+ Str+3}
   (You found it on level 4 of the Lair of Beasts)

   [ring of positive energy]

   Str:       It affects your strength (+3).
   rF:        It protects you from fire.
   rN:        It protects you from negative energy.
 Q - a +6 ring of dexterity
Wands
 r - a wand of paralysis (10)
 C - a wand of acid (4)
 F - a wand of mindburst (17)
 K - a wand of iceblast (1)
 M - a wand of flame (13)
 U - a wand of charming (3)
Scrolls
 f - 5 scrolls of enchant armour
 g - 4 scrolls of enchant weapon
 j - 11 scrolls of teleportation
 l - 6 scrolls of fear
 m - 3 scrolls of summoning
 n - 2 scrolls of blinking
 q - 3 scrolls of vulnerability {unknown}
 x - 3 scrolls of amnesia {unknown}
 y - 3 scrolls of noise {unknown}
 A - 5 scrolls of magic mapping {unknown}
 H - 2 scrolls of brand weapon {unknown}
 R - a scroll of holy word {unknown}
 S - a scroll of immolation {unknown}
 T - a scroll of fog
 W - a scroll of identify
Potions
 c - 3 potions of cancellation
 e - 10 potions of curing
 i - 2 potions of haste
 p - a potion of lignification {unknown}
 t - 2 potions of might
 u - 3 potions of ambrosia {unknown}
 z - 3 potions of degeneration {unknown}
 D - 4 potions of flight
 G - 2 potions of attraction {unknown}
 I - a potion of heal wounds
 V - a potion of brilliance


   Skills:
 + Level 8.5 Fighting
 + Level 8.7 Throwing
 + Level 6.7 Armour
 - Level 2.4 Dodging
 + Level 8.5 Shields
 + Level 9.9 Unarmed Combat
 + Level 8.8 Invocations
 + Level 7.4 Evocations


You had 12 spell levels left.
You didn't know any spells.
Your spell library contained the following spells:

 Spells                   Type           Power      Damage    Failure   Level
 Animate Skeleton         Necr           0%         N/A       54%         1
 Apportation              Tloc           0%         N/A       54%         1
 Shock                    Conj/Air       0%         1d3       54%         1
 Summon Small Mammal      Summ           0%         N/A       54%         1
 Ensorcelled Hibernation  Hex/Ice        0%         N/A       67%         2
 Sublimation of Blood     Necr           0%         N/A       67%         2
 Wereblood                Tmut           0%         N/A       67%         2
 Call Canine Familiar     Summ           0%         N/A       88%         3
 Conjure Flame            Conj/Fire      0%         6-21      88%         3
 Ignite Poison            Fire/Tmut/Pois 0%         N/A       88%         3
 Mephitic Cloud           Conj/Pois/Air  0%         N/A       88%         3
 Spider Form              Tmut/Pois      0%         N/A       88%         3
 Summon Guardian Golem    Hex/Summ       0%         N/A       88%         3
 Swiftness                Air            0%         N/A       88%         3
 Teleport Other           Tloc           0%         N/A       88%         3
 Airstrike                Air            0%         N/A       99%         4
 Animate Dead             Necr           0%         N/A       99%         4
 Sticky Flame             Conj/Fire      0%         2d3       99%         4
 Summon Ice Beast         Ice/Summ       0%         N/A       99%         4
 Freezing Cloud           Conj/Ice/Air   0%         6-21      100%        5
 Lightning Bolt           Conj/Air       0%         1d11      100%        5
 Metabolic Englaciation   Hex/Ice        0%         N/A       100%        5
 Summon Forest            Summ/Tloc      0%         N/A       100%        5
 Summon Mana Viper        Hex/Summ       0%         N/A       100%        5
 Iron Shot                Conj/Erth      0%         9d1       100%        6
 Summon Cactus Giant      Summ           0%         N/A       100%        6
 Haunt                    Necr/Summ      0%         N/A       100%        7
 Summon Hydra             Summ           0%         N/A       100%        7
 Infestation              Necr           0%         N/A       100%        8


Dungeon Overview and Level Annotations

Branches:
Dungeon (11/15)            Temple (1/1) D:5            Lair (5/6) D:8
  Snake (1/4) Lair:4       Spider (1/4) Lair:4          Orc (0/2) D:10
 Bailey (visited)
  Slime: Lair:5-6

Altars:
Ashenzari
Cheibriados
Dithmenos
Elyvilon
Fedhas
Gozag
Hepliaklqana
Kikubaaqudgha
Makhleb
Nemelex Xobeh
Okawaru
Qazlal
Ru
Sif Muna
Trog
Uskayaw
Vehumet
Wu Jian
Xom
Yredelemnul
Zin
The Shining One

Shops:
D:3 *(   D:5 *   Snake:1 !

Annotations:
Lair:2 2 transporters, Grim's ghost, adept FoFi
Lair:3 2 transporters, exclusion: ice statue, Tevar's ghost, journeyman TrAK
Lair:4 Agnes


Innate Abilities, Weirdness & Mutations

You are too large for most types of armour.
You have claws for hands.
Your natural rate of healing is unusually fast.
You are covered in fur. (AC +1)
You have tough skin. (AC +1)


Message History

The tarantella touches you. You block Agnes's attack.
You block the redback's attack.
You climb upwards.
Welcome back to the Lair of Beasts!
There is a hole to the Spider Nest, spattered with blood here.
Okay, then.
Unknown command.
Unknown command.
As you read the scroll of teleportation, it crumbles to dust.
You feel strangely unstable. You block Agnes's attack.
You block the tarantella's attack.
The redback is engulfed in freezing vapours.
You block the redback's attack.
Agnes hits you with a +0 lajatang of speed!!
You block the tarantella's attack.
The redback is engulfed in freezing vapours.
You block the redback's attack.
Agnes hits you with a +0 lajatang of speed!!
You feel more protected from physical attacks.
The tarantella touches you.
You are confused.
The redback is engulfed in freezing vapours.
The redback bites you!
Agnes hits you with a +0 lajatang of speed!
Agnes hits you with a +0 lajatang of speed!
* * * LOW HITPOINT WARNING * * *
You feel more protected from physical attacks.
The redback is engulfed in freezing vapours.
You kill the redback!
Qazlal accepts your kill.
Agnes hits you with a +0 lajatang of speed!!
* * * LOW HITPOINT WARNING * * *
You feel more protected from physical attacks.
You see here a culicivora corpse.
You feel much better.
Agnes hits you with a +0 lajatang of speed.
* * * LOW HITPOINT WARNING * * *
You feel more protected from physical attacks.
The tarantella is struck by lightning.
The tarantella barely misses you.
Agnes hits you with a +0 lajatang of speed!!
You die...

###.#.........##....=....
#.............#..........
##...#........#P.........
###..≈≈≈.≈≈≈...##.........
#...≈.≈≈.≈≈.≈..##.........
##P.≈≈.≈.≈.≈≈..##.........
##.≈≈≈.§°≈○≈...#.........
##..§.is.○...##.........
#≈≈≈..@○≈≈.............
#≈≈.≈.≈.≈≈.............
#≈.≈☼○≈≈§≈.............
#.≈≈≈.≈≈≈..............
#..≈...................
#.##...................
###....................
#....................
#....................


You could see Agnes and a tarantella.

Vanquished Creatures
  Asterion (Snake:1)
  Josephine (Lair:4)
  2 hydras
  2 naga warriors (Snake:1)
  Harold (D:8)
  2 anacondas (Snake:1)
  A two-headed ogre (D:10)
  The ghost of anet the Thaumaturge, a novice GnWz of Ashenzari (D:9)
  2 orc knights (Bailey)
  2 mana vipers
  An orc sorcerer (Bailey)
  4 centaur zombies
  10 elephants
  10 black mambas
  Joseph (Lair:1)
  2 naga magi (Snake:1)
  A salamander (Snake:1)
  A torpor snail (Lair:2)
  5 cane toads
  A kobold demonologist (Bailey)
  2 rime drakes
  4 komodo dragons
  2 polar bears
  10 blink frogs
  6 dream sheep (Lair:3)
  2 jumping spiders (Lair:4)
  A vampire (D:9)
  Sigmund (D:6)
  39 yaks
  A culicivora (Lair:4)
  A shadow (D:10)
  5 wraiths
  3 basilisks
  Eustachio (D:4)
  3 wyverns
  3 redbacks (Lair:4)
  4 vampire mosquitoes (D:11)
  Menkaure (D:6)
  Edmund (D:4)
  8 nagas (Snake:1)
  18 water moccasins
  5 acid dragons
  5 black bears
  15 orc warriors
  A sky beast (D:6)
  An ice beast (D:6)
  An ogre (D:6)
  2 centaurs
  4 phantoms
  A kobold brigand (D:11)
  10 bullfrogs
  A gnoll sergeant (D:10)
  5 scorpions
  2 troll zombies (D:10)
  10 killer bees
  8 wights
  6 howler monkeys
  6 electric eels (Bailey)
  2 bullfrog zombies (D:6)
  2 hounds (D:5)
  A centaur skeleton (D:7)
  5 jellies
  4 orc priests
  6 orc wizards
  3 killer bee zombies
  6 ogre zombies (D:10)
  A howler monkey zombie (D:7)
  10 gnolls
  5 adders
  2 shadow imps
  A white imp (D:7)
  3 worms
  2 dart slugs
  29 orcs
  11 ball pythons
  7 endoplasms
  2 giant cockroaches
  14 goblins
  6 hobgoblins
  4 quokkas
  5 bats
  A frilled lizard (D:1)
  5 goblin zombies (D:10)
  3 hobgoblin zombies (D:10)
  8 kobolds
  4 orc skeletons (D:10)
  13 orc zombies (D:10)
  4 rats
419 creatures vanquished.

Vanquished Creatures (others)
  16 fungi
  18 plants
34 creatures vanquished.

Grand Total: 453 creatures vanquished

Notes
Turn   | Place    | Note
-------+----------+-------------------------------------------
     0 | D:1      | DoubleLucky the Troll Fighter began the quest for the Orb.
     0 | D:1      | Reached XP level 1. HP: 22/22 MP: 0/0
   141 | D:1      | Reached XP level 2. HP: 29/29 MP: 1/1
   340 | D:1      | Found a faded altar of an unknown god.
   656 | D:2      | Reached XP level 3. HP: 36/36 MP: 2/2
   845 | D:2      | Reached skill level 1 in Invocations
  1577 | D:3      | Reached skill level 1 in Evocations
  1577 | D:3      | Reached XP level 4. HP: 32/44 MP: 3/3
  1629 | D:3      | Found Gozag's Platinum Reserve.
  1633 | D:3      | Found an opulent altar of Gozag.
  1680 | D:3      | Found Naogem's Weapon Shoppe.
  2237 | D:4      | Noticed Edmund
  2255 | D:4      | Killed Edmund
  2256 | D:4      | Reached skill level 3 in Unarmed Combat
  2256 | D:4      | Reached XP level 5. HP: 19/53 MP: 5/5
  2447 | D:4      | Reached skill level 1 in Throwing
  2447 | D:4      | Reached XP level 6. HP: 61/61 MP: 6/6
  2449 | D:4      | Found a basalt altar of Yredelemnul.
  2642 | D:4      | Noticed Eustachio
  2698 | D:4      | Killed Eustachio
  3189 | D:5      | Entered Level 5 of the Dungeon
  3351 | D:5      | Reached XP level 7. HP: 67/67 MP: 7/7
  3407 | D:5      | Found a staircase to the Ecumenical Temple.
  3525 | Temple   | Entered the Ecumenical Temple
  3535 | Temple   | Became a worshipper of Qazlal Stormbringer
  3816 | D:5      | Reached skill level 4 in Unarmed Combat
  3863 | D:5      | Found Yfaexker's General Store.
  3913 | D:5      | Bought a scroll of identify for 22 gold pieces
  3913 | D:5      | Bought a scroll of teleportation for 33 gold pieces
  3913 | D:5      | Bought 8 poisoned darts for 35 gold pieces
  3996 | D:6      | Noticed Sigmund
  4112 | D:6      | Noticed Menkaure
  4126 | D:6      | Killed Menkaure
  4127 | D:6      | Reached XP level 8. HP: 25/78 MP: 9/9
  4168 | D:6      | Killed Sigmund
  4834 | D:6      | Reached skill level 5 in Unarmed Combat
  4838 | D:6      | Reached * piety under Qazlal
  4916 | D:7      | Reached XP level 9. HP: 58/85 MP: 11/11
  5252 | D:7      | Reached skill level 5 in Shields
  5797 | D:7      | Identified the +1 war axe of Ocoinor {vorpal, +Blink Will+
                  | Str+3 Dex+4 Stlth-}
  6099 | D:8      | Reached skill level 5 in Fighting
  6227 | D:8      | Noticed a komodo dragon
  6299 | D:8      | Reached skill level 1 in Armour
  6343 | D:8      | Reached skill level 5 in Invocations
  6348 | D:8      | Reached ** piety under Qazlal
  6381 | D:8      | Killed a komodo dragon
  6382 | D:8      | Reached skill level 6 in Unarmed Combat
  6608 | D:8      | Noticed Harold
  6636 | D:8      | Killed Harold
  6637 | D:8      | Reached skill level 5 in Throwing
  6637 | D:8      | Reached XP level 10. HP: 52/96 MP: 12/12
  6822 | D:8      | Found an iron altar of Okawaru.
  7021 | D:8      | Found a staircase to the Lair.
  7272 | D:9      | Found a flagged portal.
  7284 | Bailey   | Entered a bailey
  7339 | Bailey   | Noticed an orc knight
  7364 | Bailey   | Killed an orc knight
  7527 | Bailey   | Noticed an orc sorcerer
  7534 | Bailey   | Paralysed by an orc sorcerer for 6 turns
  7544 | Bailey   | Killed an orc sorcerer
  7578 | Bailey   | Found an iron altar of Okawaru.
  7589 | Bailey   | Identified the +3 long sword of Arcadian Action {vorpal,
                  | Int+3}
  7631 | Bailey   | Identified the +2 pair of boots of the Hot Ocelot {-Cast
                  | rElec Regen+ Dex+4}
  7658 | Bailey   | Got Ryirghide's Grimoire of Displaced Snow
  7667 | Bailey   | Identified the +4 rapier of Ashenzari's Delight {chaos,
                  | rElec Will+ Stlth+}
  7697 | Bailey   | Noticed an orc knight
  7749 | Bailey   | Killed an orc knight
  8008 | Bailey   | Reached skill level 7 in Unarmed Combat
  8116 | Bailey   | Reached skill level 5 in Evocations
  8257 | Bailey   | Reached *** piety under Qazlal
  8527 | Lair:1   | Entered Level 1 of the Lair of Beasts
  8527 | Lair:1   | Noticed Joseph
  8545 | Lair:1   | Killed Joseph
  8546 | Lair:1   | Reached XP level 11. HP: 76/100 MP: 14/14
  8575 | Lair:1   | Noticed an eight-headed hydra
  8648 | D:8      | HP: 4/104 [ten-headed hydra (13)]
  8732 | D:8      | Killed a ten-headed hydra
  9588 | Lair:1   | Found a sparkling altar of Nemelex Xobeh.
  9745 | Lair:1   | Acquired 449 gold pieces
  9798 | Lair:2   | Noticed Grim's ghost (adept FoFi)
  9799 | Lair:2   | Found a transporter.
  9802 | Lair:2   | Found a transporter.
 10942 | Lair:3   | Reached skill level 8 in Unarmed Combat
 10987 | Lair:2   | Reached XP level 12. HP: 110/115 MP: 16/16
 11214 | Lair:3   | Found a transporter.
 11306 | Lair:3   | Reached skill level 5 in Armour
 11413 | Lair:3   | Noticed an eight-headed hydra
 11427 | Lair:3   | Found a transporter.
 11430 | Lair:3   | Noticed Tevar's ghost (journeyman TrAK)
 11492 | Lair:3   | Reached **** piety under Qazlal
 11928 | Lair:4   | Found a hole to the Spider Nest.
 12251 | Lair:4   | Identified the ring "Ofetiahi" {rF+ rN+ Str+3}
 12423 | Lair:4   | Noticed Josephine
 12441 | Lair:4   | Killed Josephine
 12557 | Lair:4   | Reached skill level 9 in Unarmed Combat
 12563 | Lair:4   | Reached XP level 13. HP: 74/127 MP: 16/18
 12625 | Lair:4   | Found a staircase to the Snake Pit.
 13081 | Lair:5   | Got Riammer's Papyrus of Conjuration and Snow
 13935 | D:9      | Noticed anet's ghost (novice GnWz)
 13938 | D:9      | Found a runed translucent door.
 14449 | D:9      | Found a glowing silver altar of Zin.
 14799 | D:9      | Killed anet's ghost
 14831 | D:10     | Entered Level 10 of the Dungeon
 15174 | D:10     | Reached ***** piety under Qazlal
 15517 | D:10     | Found a staircase to the Orcish Mines.
 16531 | Snake:1  | Entered Level 1 of the Snake Pit
 17075 | Snake:1  | Noticed Asterion
 17087 | Snake:1  | Killed Asterion
 17224 | Snake:1  | Found Giwk's Distillery.
 17234 | Snake:1  | Bought a potion of brilliance for 72 gold pieces
 17234 | Snake:1  | Bought a potion of might for 72 gold pieces
 17234 | Snake:1  | Bought a potion of curing for 54 gold pieces
 17234 | Snake:1  | Bought a potion of haste for 180 gold pieces
 17702 | Spider:1 | Entered Level 1 of the Spider Nest
 17705 | Spider:1 | Noticed Agnes
 17769 | Spider:1 | Noticed an entropy weaver
 17774 | Lair:4   | HP: 4/128 [Agnes (29)]
 17775 | Lair:4   | Mangled by Agnes

Illustrated notes

Levels and vault maps discovered:
D:1:      dpeg_arrival_tiny_c, layout_loops_cross, ebering_ecumenical_altar_box,
          minmay_tromino_v7
D:2:      layout_loops_corners
D:3:      layout_loops_cross, nicolae_gozag_zags_fifth_avenue, serial_shops,
          nicolae_shop_advertising_works [nicolae_subvault_shop_adworks]
D:4:      layout_basic, yredelemnul_altar_generic, grunt_ministairs_11,
          kennysheep_generic_room_12, uniq_edmund, uniq_eustachio
D:5:      layout_rooms, temple_fountains, serial_shops,
          nicolae_shop_hallway_stairs, serial_bayou_pond_e
D:6:      layout_cave_pools, minmay_misc_feat_secret_circle, uniq_menkaure,
          uniq_sigmund
D:7:      layout_basic, minmay_misc_feat_enclosed
D:8:      layout_loops_ring, lemuel_doored_altar,
          grunt_lair_entry_orc_guard_hut, uniq_harold
D:9:      layout_layer_cave, overflow_temple_1_default,
          hellmonk_ghost_happy_afterlife, enter_bailey_5
D:10:     layout_roguey, zombieorc2_lemuel
D:11:     layout_grid_maze
Temple:   hc_temple_tempest_star
Lair:1:   layout_regular_city, basic_altar, st_stairs_10, beast_lair_carwin_4,
          uniq_joseph
Lair:2:   layout_cellular_growth, gammafunk_ghost_arena
Lair:3:   layout_chaotic_city, nzn_ghost_randoct
Lair:4:   layout_big_grid, minmay_snake_entry_six_corridors,
          spider_nest_entry_a, uniq_josephine
Lair:5:   layout_hall_layers
Snake:1:  layout_rooms, serial_shops, shop, nicolae_snake_gridmaze_entwining,
          nicolae_snake_gridmaze_tees, grunt_megastairs_2, serial_bayou_shore_b,
          uniq_asterion
Spider:1: layout_chambers, guppyfry_spider_mini_2, uniq_agnes

Skill      XL: |  1  2  3  4  5  6  7  8  9 10 11 12 13 |
---------------+----------------------------------------+-----
Invocations    | 1 2 3 4 5 6 7 8 |  8.8
Evocations     | 1 2 3 4 5 6 7 |  7.4
Fighting       | 3 4 5 6 7 8 |  8.5
Shields        | 3 4 5 6 7 8 |  8.5
Unarmed Combat | 3 4 5 6 7 8 9 |  9.9
Throwing       | 1 2 3 5 6 7 8 |  8.7
Armour         | 1 3 4 5 6 |  6.7
Dodging        | |  2.4

Action                   |  1- 3 |  4- 6 |  7- 9 | 10-12 | 13-15 || total
-------------------------+-------+-------+-------+-------+-------++-------
Melee: Unarmed           |    92 |    87 |   295 |   489 |   417 ||  1380
       Trident           |       |       |       |       |     4 ||     4
Throw: Stone             |       |    32 |   104 |    44 |       ||   180
       Dart              |       |     8 |    15 |    83 |       ||   106
       Throwing net      |       |     2 |       |     4 |       ||     6
       Boomerang         |       |       |       |   122 |   128 ||   250
Invok: Upheaval          |       |       |       |     8 |       ||     8
Evoke: Wand              |       |       |     1 |    11 |       ||    12
  Use: Scroll            |     2 |       |     7 |     2 |     5 ||    16
       Potion            |       |     1 |       |       |     3 ||     4
 Stab: Sleeping          |     1 |       |       |       |       ||     1
Armor: Robe              |    31 |    11 |    73 |   102 |    29 ||   246
       Acid dragon scale |       |       |       |       |    54 ||    54
Dodge: Dodged            |    26 |    29 |    72 |   163 |   102 ||   392
       Repelled          |       |       |       |       |     4 ||     4
Block: Kite shield       |    29 |    42 |   124 |   349 |   310 ||   854

Table legend: (Time is in decaauts)
 A = Elapsed time spent in this place.
 B = Non-inter-level travel time spent in this place.
 C = Inter-level travel time spent in this place.
 D = Time resting spent in this place.
 E = Time spent auto-exploring this place.
 F = Levels seen in this place.
 G = Mean time per level.
                   A        B        C        D        E       F      G
               +--------+--------+--------+--------+--------+-----+--------+
         Total |  17774 |  16853 |    921 |   1045 |  10744 |  20 |  888.7 |
       Dungeon |  10223 |   9696 |    527 |    664 |   6444 |  11 |  929.4 |
        Temple |    205 |    192 |     13 |      0 |    170 |   1 |  205.0 |
          Lair |   5320 |   4983 |    337 |    363 |   3027 |   5 | 1064.0 |
     Snake Pit |    993 |    951 |     42 |      0 |    714 |   1 |  993.0 |
   Spider Nest |     10 |     10 |      0 |      0 |      0 |   1 |   10.0 |
        Bailey |   1020 |   1020 |      0 |     18 |    388 |   1 | 1020.0 |
               +--------+--------+--------+--------+--------+-----+--------+

Top non-repeatable levels by time:
  Lair:2: 1353 daAuts
     D:7: 1336 daAuts
     D:9: 1298 daAuts
     D:8: 1283 daAuts
  Lair:4: 1233 daAuts
  Lair:1: 1046 daAuts
  Bailey: 1020 daAuts
 Snake:1: 993 daAuts
     D:4: 988 daAuts
     D:2: 962 daAuts
     D:6: 903 daAuts
    D:10: 878 daAuts
  Lair:3: 851 daAuts
  Lair:5: 835 daAuts
     D:3: 712 daAuts
